 Dungeon Crawl Stone Soup version 0.31-a0-640-g39d97e502b (webtiles) character file.

Game seed: 4473697529218498371

2885 ryw the Grappler (level 9, -8/89 HPs)
             Began as a Troll Fighter on Aug 27, 2023.
             Mangled by a troll (13 damage)
             ... on level 7 of the Dungeon.
             The game lasted 00:11:21 (5322 turns).

ryw the Grappler (Troll Fighter)                    Turns: 5322, Time: 00:11:22

Health: -8/89      AC:  4    Str: 32    XL:     9   Next: 48%
Magic:  8/8        EV:  9    Int:  4    God:
Gold:   329        SH:  7    Dex:  5    Spells: 8/8 levels left

rFire   . .          .
                       - Unarmed
rCold   . . .        b - +0 kite shield
rNeg    . . .        a - +0 robe
rPois   .            (helmet restricted)
rElec   .            s - scarf "Wybupp" {repulsion, +Blink Will++ Str+2 Dex-4}
rCorr   .            (gloves unavailable)
SInv    .            (boots unavailable)
Will    ++...        (no amulet)
Stlth   +            (no ring)
HPRegen 1.14/turn    (no ring)
MPRegen 0.11/turn

%: repel missiles
@: mighty
A: large, unfitting armour, claws 3, regeneration 1, shaggy fur 1, tough skin 1
a: Evoke Blink


You were on level 7 of the Dungeon.
You visited 2 branches of the dungeon, and saw 8 of its levels.
You also visited: Sewer.

You collected 329 gold pieces.

Inventory:

Missiles
 k - 5 datura-tipped darts
 r - 10 poisoned darts (quivered)
 t - 3 curare-tipped darts
Armour
 a - a +0 robe (worn)
 b - a +0 kite shield (worn)
 s - the scarf "Wybupp" (worn) {repulsion, +Blink Will++ Str+2 Dex-4}
   (You found it on level 4 of the Dungeon)

   Str+2:     It affects your strength (+2).
   Dex-4:     It affects your dexterity (-4).
   Will++:    It greatly increases your willpower.
   +Blink:    It lets you blink.
Jewellery
 g - an amulet of faith
 h - an amulet of magic regeneration
 m - a ring of protection from fire
 q - a ring of resist corrosion
 u - a ring of willpower
Talismans
 A - a maw talisman
Wands
 n - a wand of charming (8)
 x - a wand of acid (3)
Scrolls
 d - 6 scrolls of teleportation
 f - 4 scrolls of identify
 i - 3 scrolls of fog
 j - a scroll of amnesia
 w - 2 scrolls of summoning
 y - a scroll of enchant armour
Potions
 e - a potion of degeneration
 l - a potion of attraction
 o - 6 potions of curing
 p - 3 potions of lignification
 z - a potion of brilliance {unknown}
Miscellaneous
 v - a lightning rod (4/4)


   Skills:
 + Level 6.2 Fighting
 - Level 4.0 Dodging
 - Level 5.0 Shields
 * Level 9.8 Unarmed Combat


You had 8 spell levels left.
You didn't know any spells.
Your spell library contained the following spells:

 Spells                   Type           Power      Damage    Failure   Level
 Blink                    Tloc           0%         N/A       83%         2
 Sublimation of Blood     Necr           0%         N/A       83%         2
 Wereblood                Tmut           0%         N/A       83%         2
 Dazzling Flash           Conj/Hex       0%         N/A       96%         3
 Ignite Poison            Fire/Tmut/Pois 0%         N/A       96%         3
 Volatile Blastmotes      Fire/Tloc      0%         2d10      96%         3
 Manifold Assault         Tloc           0%         N/A       100%        4
 Sticky Flame             Conj/Fire      0%         2d3       100%        4
 Starburst                Conj/Fire      0%         6d3       100%        6
 Summon Hydra             Summ           0%         N/A       100%        7
 Ignition                 Fire           0%         3d3       100%        8
 Maxwell's Capacitive Co  Air            0%         ∞         100%        8


Dungeon Overview and Level Annotations

Branches:
Dungeon (7/15)             Temple (1/1) D:6           Sewer (visited)

Altars:
Ashenzari
Cheibriados
Dithmenos
Elyvilon
Fedhas
Hepliaklqana
Kikubaaqudgha
Ru
Sif Muna
Trog
Uskayaw
Wu Jian
Xom
Yredelemnul
Zin
The Shining One

Shops:
D:3 *[


Innate Abilities, Weirdness & Mutations

You are too large for most types of armour.
You have claws for hands.
Your natural rate of healing is unusually fast.
You are covered in fur. (AC +1)
You have tough skin. (AC +1)


Message History

The troll bites you. The troll barely misses you.
The troll claws you but does no damage.
Your life force feels restored.
The troll attacks as it pursues you! The troll bites you. The troll misses you.
The troll claws you!
You see here a water moccasin corpse.
You completely miss the troll. You scratch the troll.
The troll is lightly wounded.
The troll bites you! The troll claws you! You block the troll's attack.
You scratch the troll.
The troll is lightly wounded.
The troll bites you! The troll claws you.
The troll claws you but does no damage.
You scratch the troll.
The troll is lightly wounded.
The troll bites you but does no damage. You block the troll's attack.
The troll barely misses you.
You claw the troll!
The troll is moderately wounded.
The troll bites you. The troll claws you!
* * * LOW HITPOINT WARNING * * *
The troll claws you but does no damage.
You closely miss the troll.
The troll is moderately wounded.
The troll bites you but does no damage. The troll closely misses you.
The troll claws you!
* * * LOW HITPOINT WARNING * * *
You feel very mighty all of a sudden. The troll bites you!
* * * LOW HITPOINT WARNING * * *
The troll claws you.
* * * LOW HITPOINT WARNING * * *
The troll claws you.
* * * LOW HITPOINT WARNING * * *
You claw the troll!
The troll is heavily wounded.
The troll completely misses you. You block the troll's attack.
The troll claws you!
You die...

# #.......... # #####
#.......... #### #...#
##.....$....
...####...####......[...
.....#.....#...##...#
...................#
.............##..###
.............#..T..##
................@<..#
..................#.#
..........†.......#...
............)..(........
.....................##..
######................. .
#####.##.....#...# ..
#.....#.#.. ### #.....# #


You could see a troll.

Vanquished Creatures
  Grinder (D:4)
  A wraith (D:6)
  3 water moccasins
  2 black bears (D:3)
  A sky beast (D:7)
  2 ice beasts
  An ogre (D:6)
  2 centaurs (D:6)
  A phantom (D:4)
  2 kobold brigands (D:4)
  3 bullfrogs
  3 scorpions
  5 wights (D:7)
  2 gnoll boudas
  A jelly (D:6)
  2 orc priests (D:3)
  3 hounds
  Jessica (D:2)
  An orc wizard (D:3)
  A sleepcap (D:6)
  4 iguanas
  7 gnolls
  7 adders
  A shadow imp (D:7)
  A white imp (D:3)
  An ufetubus (D:5)
  4 worms
  A dart slug (D:1)
  16 orcs
  4 bats
  5 endoplasms
  11 giant cockroaches
  5 goblins
  8 hobgoblins
  3 jackals (D:3)
  7 quokkas
  10 ball pythons
  12 frilled lizards
  15 kobolds
  2 rats
162 creatures vanquished.

Notes
Turn   | Place    | Note
-------+----------+-------------------------------------------
     0 | D:1      | ryw the Troll Fighter began the quest for the Orb.
     0 | D:1      | Reached XP level 1. HP: 22/22 MP: 0/0
   168 | D:1      | Reached XP level 2. HP: 29/29 MP: 1/1
   749 | D:2      | Reached XP level 3. HP: 36/36 MP: 2/2
  1056 | D:2      | Noticed Jessica
  1064 | D:2      | Killed Jessica
  1237 | D:3      | Found Igag's Assorted Antiques.
  1285 | D:3      | Reached skill level 3 in Unarmed Combat
  1310 | D:3      | Noticed a black bear
  1387 | D:3      | Reached XP level 4. HP: 41/43 MP: 3/3
  1494 | D:3      | Noticed a black bear
  1514 | D:3      | Killed a black bear
  1515 | D:3      | Reached XP level 5. HP: 32/53 MP: 4/4
  1620 | D:3      | Found Qutuel's Antique Armour Emporium.
  1812 | D:3      | Reached skill level 4 in Unarmed Combat
  1821 | D:3      | Reached XP level 6. HP: 44/61 MP: 5/5
  1990 | D:4      | Identified the scarf "Wybupp" {repulsion, +Blink Will++
                  | Str+2 Dex-4}
  2122 | D:4      | Noticed Grinder
  2131 | D:4      | Killed Grinder
  2132 | D:4      | Reached skill level 5 in Unarmed Combat
  2132 | D:4      | Reached XP level 7. HP: 52/68 MP: 6/6
  2469 | D:4      | Found a glowing drain.
  2473 | Sewer    | Entered a sewer
  3103 | D:4      | Reached skill level 6 in Unarmed Combat
  3141 | D:4      | Reached XP level 8. HP: 58/78 MP: 7/7
  3253 | D:5      | Entered Level 5 of the Dungeon
  3497 | D:5      | Reached skill level 5 in Shields
  3912 | D:6      | Reached skill level 7 in Unarmed Combat
  3953 | D:6      | Identified the +0 scale mail of Peafay {*Slow Str+5 Stlth+}
  3994 | D:6      | Reached skill level 5 in Fighting
  4001 | D:6      | Reached skill level 8 in Unarmed Combat
  4044 | D:6      | Found a sacrificial altar of Ru.
  4096 | D:6      | Found a staircase to the Ecumenical Temple.
  4109 | Temple   | Entered the Ecumenical Temple
  4187 | D:6      | Reached XP level 9. HP: 78/88 MP: 8/8
  5026 | D:6      | Reached skill level 9 in Unarmed Combat
  5034 | D:6      | Found a white marble altar of Elyvilon.
  5160 | D:7      | Noticed a troll
  5321 | D:7      | HP: 4/89 [troll (4)]
  5322 | D:7      | Mangled by a troll

Illustrated notes

Levels and vault maps discovered:
D:1:      saegor_arrival_simple_d, layout_basic, kennysheep_boxes
D:2:      layout_loops_ring, uniq_jessica
D:3:      layout_loops_cross, serial_shops, shop, shop,
          kennysheep_generic_room_11
D:4:      cheibrodos_thug_alley, layout_rooms, gup_sewer_entry_spiral,
          minmay_starry_boxes, uniq_grinder
D:5:      layout_loops_ring, serial_glass, glass_columns_a, glass_columns_b
D:6:      layout_cave_pools, elyvilon_altar_3, mainiacjoe_overflow_catwalk,
          minmay_temple_entry_slanted
D:7:      layout_rooms, corexii_leaking_fountain, minmay_liquid_box,
          nicolae_nh_ransacked_shop
Temple:   dpeg_chambers_temple

Skill      XL: |  1  2  3  4  5  6  7  8  9 |
---------------+----------------------------+-----
Shields        | 3 4 5 |  5.0
Unarmed Combat | 3 4 5 6 8 9 |  9.8
Fighting       | 3 4 5 6 |  6.2
Dodging        | 3 4 |  4.0

Action                     |  1- 3 |  4- 6 |  7- 9 || total
---------------------------+-------+-------+-------++-------
  Melee: Unarmed           |    80 |   116 |   317 ||   513
  Throw: Dart              |       |     6 |    10 ||    16
    Use: Scroll            |       |       |     9 ||     9
         Potion            |       |       |     1 ||     1
 Armour: Robe              |    22 |    25 |    67 ||   114
  Dodge: Dodged            |    29 |    49 |   128 ||   206
  Block: Kite shield       |    25 |    42 |   111 ||   178

Table legend: (Time is in decaauts)
 A = Elapsed time spent in this place.
 B = Non-inter-level travel time spent in this place.
 C = Inter-level travel time spent in this place.
 D = Time resting spent in this place.
 E = Time spent auto-exploring this place.
 F = Levels seen in this place.
 G = Mean time per level.
                   A        B        C        D        E       F      G
               +--------+--------+--------+--------+--------+-----+--------+
         Total |   5339 |   5173 |    166 |    375 |   3406 |   9 |  593.2 |
       Dungeon |   4663 |   4511 |    152 |    247 |   3109 |   7 |  666.1 |
        Temple |    195 |    181 |     14 |    128 |      0 |   1 |  195.0 |
         Sewer |    480 |    480 |      0 |      0 |    297 |   1 |  480.0 |
               +--------+--------+--------+--------+--------+-----+--------+

Top non-repeatable levels by time:
     D:5: 891 daAuts
     D:4: 875 daAuts
     D:6: 836 daAuts
     D:3: 724 daAuts
     D:1: 624 daAuts
     D:2: 558 daAuts
   Sewer: 480 daAuts
  Temple: 195 daAuts
     D:7: 153 daAuts
